 Dungeon Crawl Stone Soup version 0.28.0-53-g5a82cb258f (webtiles) character file.

Game seed: 3460888148796639803

18255 Sin92 the Fighter (level 12, -7/97 HPs)
             Began as a Demonspawn Fighter on June 4, 2022.
             Was a High Priest of Okawaru.
             Mangled by a six-headed hydra (10 damage)
             ... on level 11 of the Dungeon.
             The game lasted 00:31:12 (16188 turns).

Sin92 the Fighter (Demonspawn Fighter)             Turns: 16188, Time: 00:31:14

Health: -7/97      AC: 16    Str: 23    XL:     12   Next: 26%
Magic:  18/18      EV: 11    Int: 13    God:    Okawaru [*****.]
Gold:   1643       SH: 14    Dex: 17    Spells: 11/11 levels left

rFire   + + .      SeeInvis .   r - +1 scimitar (chaos)
rCold   . . .      Faith    +   l - +3 kite shield
rNeg    . . .      Spirit   .   n - +1 chain mail {rF+}
rPois   .          Reflect  .   z - +2 hat
rElec   +          Harm     .   h - +0 cloak
rCorr   .          Rampage  .   (no gloves)
Will    +....                   (no boots)
Stlth   ..........              c - amulet of faith
HPRegen 0.26/turn               k - ring of willpower
MPRegen 0.16/turn               g - ring of Amarakk {rElec rF+ Str+6 Int+3 Stlth-}

@: about to teleport
A: horns 2, rugged brown scales 1, (demonic guardian 1), foul stench 1,
camouflage 1, noise suppression
a: Renounce Religion, Heroism, Finesse, Duel


You were on level 11 of the Dungeon.
You worshipped Okawaru.
Okawaru was extremely pleased with you.
You visited 2 branches of the dungeon, and saw 12 of its levels.
You also visited: Bailey.

You collected 1643 gold pieces.

Inventory:

Hand Weapons
 r - a +1 scimitar of chaos (weapon)
 u - a +6 long sword
 y - a +2 vorpal triple sword
Armour
 h - a +0 cloak (worn)
 j - a scarf of resistance
 l - a +3 kite shield (worn)
 n - a +1 chain mail of fire resistance (worn)
 s - a +2 scale mail of cold resistance
 z - a +2 hat (worn)
Jewellery
 c - an amulet of faith (around neck)
 g - the ring of Amarakk (right hand) {rElec rF+ Str+6 Int+3 Stlth-}
   (You found it on level 7 of the Dungeon)

   [ring of strength]

   Str:       It affects your strength (+6).
   Int:       It affects your intelligence (+3).
   rF:        It protects you from fire.
   rElec:     It insulates you from electricity.
   Stlth:     It makes you less stealthy.
 k - a ring of willpower (left hand)
Wands
 a - a wand of iceblast (10)
 o - a wand of acid (12)
Scrolls
 b - 2 scrolls of magic mapping
 d - 7 scrolls of identify
 i - 2 scrolls of teleportation
 t - a scroll of blinking
 w - a scroll of amnesia
Potions
 e - a potion of mutation
 f - a potion of ambrosia
 m - 4 potions of flight
 p - a potion of curing
 q - 2 potions of lignification
 v - a potion of magic
 x - a potion of heal wounds


   Skills:
 + Level 9.2 Fighting
 + Level 8.2 Long Blades
 + Level 8.4 Armour
 + Level 7.9 Dodging
 + Level 8.5 Shields
 + Level 8.8 Invocations


You had 11 spell levels left.
You didn't know any spells.
Your spell library contained the following spells:

 Spells                   Type           Power      Damage    Failure   Level
 Magic Dart               Conj           0%         1d3       99%         1
 Searing Ray              Conj           0%         2d4       100%        2
 Dazzling Flash           Conj/Hex       0%         N/A       100%        3
 Anguish                  Hex/Necr       0%         N/A       100%        4
 Fulminant Prism          Conj/Hex       0%         3d6       100%        4
 Iskenderun's Mystic Bla  Conj/Tloc      0%         2d3       100%        4
 Alistair's Intoxication  Tmut/Pois      0%         N/A       100%        5
 Borgnjor's Vile Clutch   Necr/Erth      0%         N/A       100%        5
 Eringya's Noxious Bog    Tmut/Pois      0%         N/A       100%        6
 Starburst                Conj/Fire      0%         6d3       100%        6
 Necromutation            Tmut/Necr      0%         N/A       100%        8
 Spellforged Servitor     Conj/Summ      Unusable   N/A       N/A         7

Dungeon Overview and Level Annotations

Branches:
Dungeon (11/15)            Temple (1/1) D:7            Lair (0/6) D:8
    Orc (0/2) D:9          Bailey (visited)

Altars:
Ashenzari
Cheibriados
Dithmenos
Gozag
Kikubaaqudgha
Makhleb
Nemelex Xobeh
Okawaru
Qazlal
Ru
Sif Muna
Trog
Uskayaw
Vehumet
Xom
Zin
The Shining One
Beogh

Shops:
D:3 =

Annotations:
D:5 2 transporters, Tiocfaidh's ghost, weakling KoDe


Innate Abilities, Weirdness & Mutations

You have a pair of horns on your head.
You are partially covered in rugged brown scales. (AC +1, +3% HP)
((A weak demonic guardian rushes to your aid.))
You may rarely emit foul miasma when damaged in melee.
Your skin changes colour to match your surroundings (Stealth+).
You passively dampen the noise of your surroundings.


Message History

You kill the howler monkey!
Okawaru accepts your kill.
You see here a howler monkey corpse.
A five-headed hydra comes into view.
The five-headed hydra roars!
Found 12 gold pieces.
Your +1 scimitar of chaos is briefly surrounded by a scintillating aura of random colours.
r - a +1 scimitar of chaos (weapon)
Okay, then.
You hit the five-headed hydra. You burn the five-headed hydra.
The five-headed hydra is lightly wounded.
The five-headed hydra bites you!
The five-headed hydra closely misses you.
The five-headed hydra bites you but does no damage.
You block the five-headed hydra's attack.
The five-headed hydra bites you!
You lop one of the five-headed hydra's heads off!
The four-headed hydra grows two more!
You slash the six-headed hydra!
The six-headed hydra seems to grow stronger.
The six-headed hydra is lightly wounded.
The six-headed hydra bites you but does no damage.
The six-headed hydra bites you!
You block the six-headed hydra's attack.
The six-headed hydra bites you.
The six-headed hydra closely misses you.
The six-headed hydra bites you but does no damage.
You barely miss the six-headed hydra.
The six-headed hydra is lightly wounded.
The six-headed hydra closely misses you.
The six-headed hydra bites you!
The six-headed hydra completely misses you.
The six-headed hydra bites you but does no damage.
You block the six-headed hydra's attack. x2
As you read the scroll of teleportation, it crumbles to dust.
You feel strangely unstable. The six-headed hydra bites you!
* * * LOW HITPOINT WARNING * * *
The six-headed hydra bites you!
* * * LOW HITPOINT WARNING * * *
The six-headed hydra bites you!
You die...

########.....###.#
#......††###..##.#
..#####..# ##.#..#
#.## #...## #.#
##..# #.# #..# #.#
#..# #D# ##..###
##@## #.....#
#...# #.....#
#...# #.....#
^....# #######
###...# #.$.#
#####


You could see a six-headed hydra (strong).

Vanquished Creatures
  A boulder beetle (D:9)
  Harold (D:7)
  2 centaur warriors (D:9)
  A two-headed ogre (D:10)
  A wizard (D:10)
  2 deep elf archers (D:9)
  2 ugly things (D:9)
  A manticore (shapeshifter) (D:9)
  A manticore (D:9)
  A cyclops (D:8)
  Joseph (D:8)
  A komodo dragon (D:8)
  Maggie (D:6)
  An unseen horror (D:11)
  3 trolls (D:9)
  A spriggan (shapeshifter) (D:9)
  Eustachio (D:6)
  3 wyverns (D:9)
  12 yaks
  A steam dragon (D:8)
  Duvessa (D:6)
  2 acid dragons (D:8)
  2 water moccasins (D:8)
  4 sky beasts
  3 black bears
  14 orc warriors
  An ogre (D:6)
  5 centaurs
  A boggart (D:9)
  9 kobold brigands
  Blork the orc (D:6)
  7 bullfrogs
  A gnoll sergeant (D:8)
  2 water moccasin skeletons
  2 scorpions (D:4)
  A wyvern skeleton (D:6)
  4 killer bees (D:9)
  Dowan (D:6)
  5 wights
  3 electric eels (D:10)
  6 howler monkeys
  7 centaur zombies
  6 hounds
  11 orc priests
  Crazy Yiuf (D:4)
  A bullfrog skeleton (D:4)
  A scorpion zombie (D:5)
  Terence (D:2)
  6 iguanas
  8 orc wizards
  A killer bee zombie (D:9)
  Robin (D:4)
  8 gnolls
  7 adders
  An ufetubus (D:5)
  An adder skeleton (D:4)
  3 worms
  2 dart slugs
  35 orcs
  4 endoplasms
  4 giant cockroaches
  18 goblins
  9 hobgoblins
  2 jackals (D:1)
  2 quokkas
  6 ball pythons
  6 bats
  4 frilled lizards
  30 kobolds
  3 rats (D:1)
302 creatures vanquished.

Vanquished Creatures (collateral kills)
  A water moccasin skeleton (D:5)
  A gnoll (D:5)
  A worm (D:4)
  An orc (D:5)
  2 goblins (D:4)
  A kobold (D:4)
7 creatures vanquished.

Vanquished Creatures (others)
  A yak (D:10)
  An ufetubus (D:6)
  55 fungi (D:8)
  47 plants
104 creatures vanquished.

Grand Total: 413 creatures vanquished

Notes
Turn   | Place    | Note
-------+----------+-------------------------------------------
     0 | D:1      | Sin92 the Demonspawn Fighter began the quest for the Orb.
     0 | D:1      | Reached XP level 1. HP: 18/18 MP: 1/1
   288 | D:1      | Gained mutation: You have a pair of small horns on your
                  | head. [demonic ancestry]
   288 | D:1      | Reached XP level 2. HP: 24/24 MP: 2/2
   913 | D:1      | Found a faded altar of an unknown god.
  1428 | D:2      | Gained mutation: You are partially covered in rugged brown
                  | scales. (AC +1, +3% HP) [demonic ancestry]
  1428 | D:2      | Reached XP level 3. HP: 24/29 MP: 3/3
  1657 | D:2      | Noticed Terence
  1674 | D:2      | Killed Terence
  1675 | D:2      | Reached skill level 1 in Dodging
  2121 | D:3      | Gained mutation: A weak demonic guardian rushes to your
                  | aid. [demonic ancestry]
  2121 | D:3      | Reached XP level 4. HP: 33/36 MP: 4/4
  2188 | D:3      | Noticed a sky beast
  2198 | D:3      | Killed a sky beast
  2199 | D:3      | Gained mutation: You may rarely emit foul miasma when
                  | damaged in melee. [demonic ancestry]
  2199 | D:3      | Reached XP level 5. HP: 16/43 MP: 5/5
  3105 | D:3      | Found Qysut's Jewellery Shoppe.
  3359 | D:4      | Reached skill level 4 in Fighting
  3426 | D:4      | Reached XP level 6. HP: 48/49 MP: 6/6
  3682 | D:4      | Found a runed translucent door.
  3683 | D:4      | Noticed Crazy Yiuf
  3836 | D:4      | Identified the +2 helmet "Aggauxi" {Will+ Slay+2}
  3836 | D:4      | Noticed Robin
  3841 | D:4      | Killed Robin
  4067 | D:4      | Noticed a sky beast
  4076 | D:4      | Killed a sky beast
  4214 | D:4      | Reached XP level 7. HP: 53/56 MP: 7/7
  4484 | D:4      | Killed Crazy Yiuf
  4545 | D:5      | Entered Level 5 of the Dungeon
  4709 | D:5      | Found a transporter.
  4714 | D:5      | Noticed Tiocfaidh's ghost (weakling KoDe)
  4767 | D:5      | Found a transporter.
  5091 | D:5      | Reached skill level 5 in Fighting
  5434 | D:6      | Noticed Blork the orc
  5497 | D:6      | Noticed Duvessa
  5497 | D:6      | Noticed Dowan
  5512 | D:6      | Killed Duvessa
  5513 | D:6      | Reached XP level 8. HP: 35/63 MP: 8/8
  5517 | D:6      | Killed Dowan
  5533 | D:6      | Reached skill level 5 in Armour
  5536 | D:6      | Reached skill level 5 in Shields
  5902 | D:6      | Noticed Eustachio
  5914 | D:6      | Killed Eustachio
  5919 | D:6      | Killed Blork the orc
  6250 | D:6      | Noticed Maggie
  6262 | D:6      | HP: 3/65 [Maggie/+0 morningstar of protection (12)]
  6553 | D:6      | Killed Maggie
  6554 | D:6      | Reached skill level 6 in Fighting
  6554 | D:6      | Reached skill level 5 in Long Blades
  6554 | D:6      | Reached XP level 9. HP: 30/71 MP: 9/9
  7220 | D:6      | Found a burning altar of Makhleb.
  7488 | D:7      | Found a staircase to the Ecumenical Temple.
  7505 | Temple   | Entered the Ecumenical Temple
  7660 | Temple   | Became a worshipper of Warmaster Okawaru
  7772 | D:7      | Noticed Harold
  7790 | D:7      | Gained mutation: Your skin changes colour to match your
                  | surroundings (Stealth+). [potion of mutation]
  7790 | D:7      | Gained mutation: You passively dampen the noise of your
                  | surroundings. [potion of mutation]
  7790 | D:7      | Gained mutation: You have a pair of horns on your head.
                  | [potion of mutation]
  7796 | D:7      | Killed Harold
  7797 | D:7      | Reached skill level 5 in Dodging
  8241 | D:7      | Reached * piety under Okawaru
  8606 | D:7      | Identified the ring of Amarakk {rElec rF+ Str+6 Int+3
                  | Stlth-}
  8995 | D:7      | You fall into a shaft and drop 2 floors!
  9047 | D:9      | Reached XP level 10. HP: 53/79 MP: 11/13
  9163 | D:8      | Reached skill level 7 in Fighting
  9202 | D:8      | Noticed a cyclops
  9259 | D:8      | Found a flagged portal.
  9307 | Bailey   | Entered a bailey
  9368 | Bailey   | Reached ** piety under Okawaru
  9458 | Bailey   | Found a burning altar of Makhleb.
  9893 | D:8      | Reached skill level 5 in Invocations
 10387 | D:8      | Found a staircase to the Lair.
 10412 | D:8      | Killed a cyclops
 10858 | D:8      | Noticed Joseph
 10871 | D:8      | Killed Joseph
 10871 | D:8      | Reached *** piety under Okawaru
 11391 | D:9      | Reached **** piety under Okawaru
 11539 | D:9      | Mutation became permanent: You have a pair of small horns
                  | on your head. [demonic ancestry]
 11539 | D:9      | Gained mutation: You have a pair of horns on your head.
                  | [demonic ancestry]
 11539 | D:9      | Reached XP level 11. HP: 78/88 MP: 15/15
 11608 | D:9      | Reached skill level 8 in Fighting
 12282 | D:9      | Found a staircase to the Orcish Mines.
 12790 | D:9      | Reached ***** piety under Okawaru
 13267 | D:9      | Noticed a centaur warrior
 13268 | D:9      | Noticed a boulder beetle
 13276 | D:9      | Killed a centaur warrior
 13292 | D:9      | Received a gift from Okawaru
 13323 | D:9      | HP: 4/89 [boulder beetle (19)]
 13324 | D:9      | Killed a boulder beetle
 13732 | D:9      | Noticed a deep elf archer
 13743 | D:9      | Killed a deep elf archer
 13860 | D:9      | Noticed a centaur warrior
 13873 | D:9      | Killed a centaur warrior
 14103 | D:9      | Noticed a cyan ugly thing
 14114 | D:9      | Killed a cyan ugly thing
 14238 | D:9      | Received a gift from Okawaru
 14374 | D:9      | Noticed a cyan ugly thing
 14386 | D:9      | Killed a cyan ugly thing
 14430 | D:9      | Noticed a deep elf archer
 14451 | D:9      | Killed a deep elf archer
 14452 | D:9      | Reached XP level 12. HP: 68/96 MP: 18/18
 14573 | D:9      | Got the Tome of Calling and Darkness
 14794 | D:10     | Entered Level 10 of the Dungeon
 14983 | D:10     | Reached skill level 9 in Fighting
 15546 | D:10     | Received a gift from Okawaru
 15838 | D:10     | Noticed a two-headed ogre
 15843 | D:10     | Killed a two-headed ogre
 16176 | D:11     | Noticed a five-headed hydra
 16188 | D:11     | HP: 3/97 [six-headed hydra (16)]
 16188 | D:11     | Mangled by a six-headed hydra

Illustrated notes

Levels and vault maps discovered:
D:1:      evilmike_arrival_home_sweet_home, layout_basic,
          shapermc_ecumenical_altar_notcrosses, minmay_misc_feat_cross
D:2:      layout_basic, uniq_terence
D:3:      layout_basic, serial_shops, shop
D:4:      layout_cave_pools, uniq_crazy_yiuf_cottage, uniq_robin
D:5:      layout_rooms, gammafunk_ghost_stat_death
D:6:      layout_basic, lightli_temple_of_fire, serial_rivers,
          chequers_serial_rivers_large_a, chequers_serial_rivers_marsh,
          chequers_serial_rivers_small_3, chequers_serial_rivers_room_a,
          chequers_serial_rivers_small_b, chequers_serial_rivers_room_b,
          uniq_maggie, uniq_duvessa, uniq_eustachio, uniq_blork_the_orc
D:7:      layout_loops_ring, minmay_temple_entry_ruins,
          chequers_serial_rivers_room_a, hangedman_decor_slide_cut,
          minmay_misc_feat_hallway, hangedman_abyss_or_decor_stabs, uniq_harold
D:8:      layout_basic, due_lair_maze_entry_diamond, enter_bailey_5,
          minmay_lizard_king, uniq_joseph
D:9:      nzn_winding_woodlands_large [nzn_winding_woodlands_5x5_checkerboard,
          nzn_winding_woodlands_5x15_parted,
          nzn_winding_woodlands_5x5_open_star,
          nzn_winding_woodlands_center_lodge,
          nzn_winding_woodlands_15x15_boxy_spiral,
          nzn_winding_woodlands_center_triple_pond,
          nzn_winding_woodlands_5x5_three, nzn_winding_woodlands_5x15_eye,
          nzn_winding_woodlands_5x5_cross], layout_long_grid, david_orc_5
D:10:     layout_basic, hangedman_decor_growths,
          minmay_fractal_squares_gapless_5
D:11:     layout_rooms, portal_ice_cave_rime, lightli_corner_chamber
Temple:   mainiacjoe_temple_circle_huts

Skill      XL: |  1  2  3  4  5  6  7  8  9 10 11 12 |
---------------+-------------------------------------+-----
Long Blades    | 2 3 4 5 6 7 8 |  8.2
Armour         | 3 4 5 6 7 8 |  8.4
Shields        | 3 4 5 6 7 8 |  8.5
Dodging        | 1 2 3 4 5 6 7 |  7.9
Fighting       | 4 5 6 7 8 9 |  9.2
Invocations    | 4 6 8 |  8.8

Action                   |  1- 3 |  4- 6 |  7- 9 | 10-12 || total
-------------------------+-------+-------+-------+-------++-------
Melee: Long sword        |   112 |   122 |       |   464 ||   698
       Headbutt          |    12 |    22 |    54 |   135 ||   223
       Scimitar          |       |     8 |   275 |   173 ||   456
Throw: Throwing net      |       |       |       |     1 ||     1
Invok: Heroism           |       |       |       |     4 ||     4
       Finesse           |       |       |       |     1 ||     1
  Use: Scroll            |       |     8 |    10 |     6 ||    24
       Potion            |       |       |     5 |     4 ||     9
 Stab: Distracted        |       |     1 |       |       ||     1
       Paralysed         |       |       |     3 |       ||     3
Armor: Scale mail        |    50 |    64 |    11 |    72 ||   197
       Chain mail        |       |       |   139 |   153 ||   292
Dodge: Dodged            |    53 |    33 |   101 |   248 ||   435
Block: Buckler           |    23 |       |       |       ||    23
       Kite shield       |    20 |   104 |   196 |   561 ||   881
